 Dungeon Crawl Stone Soup version 0.23.0 (webtiles) character file.

Game seed: 17989175829467029920

13113 MalarOregon the Spear-Bearer (level 12, -2/97 HPs)
             Began as a Merfolk Abyssal Knight on Feb 13, 2019.
             Was a High Priest of Lugonu.
             Shot with an arrow by a centaur warrior (16 damage)
             ... on level 13 of the Dungeon.
             The game lasted 00:49:19 (21105 turns).

MalarOregon the Spear-Bearer (MfAK)                Turns: 21105, Time: 00:49:19

Health: -2/97      AC: 13    Str: 13    XL:     12   Next: 2%
Magic:  19/19      EV: 15    Int: 15    God:    Lugonu [*****.]
Gold:   881        SH:  0    Dex: 14    Spells: 11/11 levels left

rFire    . . .     SeeInvis .   f - +3 halberd (curse)
rCold    . . .     Gourm    +   (shield currently unavailable)
rNeg     . . .     Faith    .   i - +0 scale mail
rPois    +         Spirit   .   G - +0 helmet
rElec    .         Reflect  .   v - +0 cloak
rCorr    .         Harm     .   (no gloves)
MR       .....                  j - +2 pair of boots
Stlth    ..........             E - amulet of the gourmand
HPRegen  0.26/turn              A - ring of wizardry
MPRegen  0.16/turn              s - ring of poison resistance

@: no status effects
A: change form in water, swift swim, stealthy swim
a: Depart the Abyss, Bend Space, Banish, Corrupt, Enter the Abyss, Renounce
Religion


You were on level 13 of the Dungeon.
You worshipped Lugonu.
Lugonu was extremely pleased with you.
You were full.

You visited 2 branches of the dungeon, and saw 14 of its levels.
You visited the Abyss 1 time.

You collected 881 gold pieces.

Inventory:

Hand Weapons
 b - a +2 spear of piercing
   (You took it off a gnoll on level 5 of the Dungeon)
 d - a +2 scimitar of flaming
   (You took it off an efreet on level 13 of the Dungeon)
 f - a cursed +3 halberd (weapon)
   (You took it off a wight on level 6 of the Dungeon)
 L - a +1 glaive of holy wrath
   (You took it off an orc warrior on level 12 of the Dungeon)
Missiles
 k - a throwing net (quivered) {!f}
Armour
 i - a +0 scale mail (worn)
   (You found it on level 1 of the Dungeon)
 j - a +2 pair of boots (worn)
   (You found it on level 2 of the Dungeon)
 o - the +2 robe "Sasod" {*Contam rF+ Slay+2, unknown}
   (You found it on level 12 of the Dungeon)

   It affects your accuracy and damage with ranged weapons and melee attacks
   (+2).
   It protects you from fire.
   It causes magical contamination when unequipped.
 v - a +0 cloak (worn)
   (You found it on level 7 of the Dungeon)
 D - a +3 plate armour
   (You found it on level 10 of the Dungeon)
 G - a +0 helmet (worn)
   (You found it on level 10 of the Dungeon)
 K - a +0 chain mail
   (You took it off an orc warrior on level 11 of the Dungeon)
Jewellery
 s - a ring of poison resistance (right hand)
   (You found it on level 6 of the Dungeon)
 y - an uncursed ring of magical power
   (You found it on level 7 of the Dungeon)
 z - an uncursed ring of flight
   (You found it on level 1 of the Dungeon)
 A - a ring of wizardry (left hand)
   (You found it on level 8 of the Dungeon)
 E - an amulet of the gourmand (around neck)
   (You found it on level 10 of the Dungeon)
Wands
 t - a wand of flame (34)
   (You took it off a big kobold on level 9 of the Dungeon)
 u - a wand of paralysis (10)
   (You took it off an orc warrior on level 12 of the Dungeon)
 w - a wand of scattershot (1)
   (You found it on level 10 of the Dungeon)
 F - a wand of enslavement (5)
   (You found it on level 13 of the Dungeon)
Scrolls
 g - 5 scrolls of identify {@r1}
 h - 6 scrolls of teleportation {@r4}
 m - 7 scrolls of amnesia
 n - 2 scrolls of blinking
 r - 5 scrolls of remove curse {@r2}
 x - a scroll of enchant weapon
 B - a scroll of enchant armour
 I - a scroll of magic mapping
Potions
 a - a potion of magic
 c - 2 potions of lignification {!q}
 p - 4 potions of flight
 C - a potion of might
 H - a potion of agility {unknown}
 J - a potion of mutation {!q}
Miscellaneous
 M - a sack of spiders
Comestibles
 e - 22 rations {!d}


   Skills:
 + Level 10.0 Fighting
 + Level 12.1 Polearms
 + Level 6.5 Armour
 + Level 11.2 Dodging
 + Level 9.5 Invocations


You had 11 spell levels left.
You didn't know any spells.
Your spell library was empty.

Dungeon Overview and Level Annotations

Branches:
Dungeon (13/15)            Temple (1/1) D:6            Lair (0/6) D:9
    Orc (0/2) D:12
 Vaults: D:13-14

Altars:
Ashenzari
Cheibriados
Dithmenos
Elyvilon
Fedhas
Gozag
Hepliaklqana
Kikubaaqudgha
Makhleb
Nemelex Xobeh
Okawaru
Qazlal
Ru
Sif Muna
Trog
Uskayaw
Vehumet
Wu Jian
Xom
Yredelemnul
Zin
The Shining One

Shops:
D:13 (

Annotations:
Abyss:1 Nessos


Message History

There is an open door here.
There is an open door here.
A centaur warrior comes into view.
The centaur warrior shouts!
You hear a horrible gurgling sound!
A centaur comes into view. x2
The centaur warrior wields a +0 shortbow.
The centaur warrior shoots an arrow.
The arrow hits you!
A centaur comes into view.
The centaur shouts!
You hear a shout!
You see here an arrow.
There is an open door here.
You start resting.
The centaur is too close now for your liking.
You barely miss the centaur. You barely miss the centaur warrior.
The centaur misses you.
The centaur warrior unwields a +0 shortbow.
The centaur warrior hits you but does no damage.
The centaur barely misses you.
The centaur warrior wields a +0 shortbow.
The centaur warrior shoots an arrow.
The arrow hits you!
You see here an arrow.
You slash the centaur! You slash the centaur warrior!
The centaur wields a +0 shortbow.
The centaur shoots an arrow.
The arrow hits you!
You hear a shout!
The centaur warrior shoots an arrow.
The arrow hits you!
The centaur warrior shoots an arrow.
The arrow hits you.
* * * LOW HITPOINT WARNING * * *
You see here 2 arrows.
Unknown command.
Unknown command.
The centaur warrior shoots an arrow.
The arrow hits you!
* * * LOW HITPOINT WARNING * * *
You see here an arrow.
The centaur warrior shoots an arrow.
The arrow hits you!!
* * * LOW HITPOINT WARNING * * *
You see here an arrow.
The centaur warrior shouts!
The centaur warrior wields a +2 shortbow of velocity.
The centaur warrior shoots an arrow.
The arrow hits you.
* * * LOW HITPOINT WARNING * * *
* * * LOW HITPOINT WARNING * * *
There is an open door here.
You see here an arrow.
Okay, then.
As you read the scroll of fog, it crumbles to dust.
The scroll dissolves into smoke.
The centaur warrior shoots an arrow.
The arrow barely misses you.
The centaur warrior shoots an arrow.
The arrow misses you.
The centaur warrior shoots an arrow.
The arrow hits you!
You die...

≈≈c.## #.######........ ....
≈.c.. #........####### ####
cc#.#################
............... >..#
..###.###########.#########
#.#c(cc.....#......))......
..####'#'##.####.§.(.#.##))....#
.......(..#.#§##§....#..#......#
..........#(#.§@§§...##.########
##........#.c§##§....##..#######
.......#........§...####.#.....#
+##############...######.#.....#
+...c......'.....'
#...######.#.....#
....................#
############........# ##...#####


You could see 2 centaur warriors.

Vanquished Creatures
  2 unseen horrors (D:10)
  A deep elf mage (D:12)
  3 cyclopes
  A manticore (D:11)
  3 centaur skeletons
  2 kobold demonologists (D:11)
  A komodo dragon (D:9)
  An efreet (D:13)
  4 trolls
  A hippogriff (D:10)
  2 wyverns
  A yak (D:10)
  A human (D:5)
  Menkaure (D:7)
  2 hungry ghosts
  2 water moccasins
  2 sky beasts
  4 orc warriors
  3 ice beasts
  2 necrophages
  An ogre (D:10)
  7 centaurs
  A crocodile (D:8)
  3 big kobolds
  5 bullfrogs
  A wyvern skeleton (D:10)
  4 scorpions
  12 killer bees
  9 wights
  9 howler monkeys
  2 crimson imps
  4 centaur zombies
  A bullfrog zombie (D:11)
  2 hounds
  3 bullfrog skeletons
  4 jellies
  7 orc priests
  7 iguanas
  14 orc wizards
  9 worker ants
  2 hound zombies
  A hound skeleton (D:7)
  A worker ant zombie (D:11)
  13 gnolls
  14 adders
  A river rat (D:8)
  A shadow imp (D:7)
  3 dart slugs
  6 leopard geckos
  42 orcs
  9 bats
  4 giant cockroaches
  11 goblins
  5 hobgoblins
  12 jackals
  10 quokkas
  A ball python (D:1)
  11 frilled lizards
  A jackal skeleton (D:5)
  6 kobolds
  A kobold skeleton (D:5)
  A quokka skeleton (D:6)
  7 rats
307 creatures vanquished.

Vanquished Creatures (others)
  An acid dragon (D:12)
  An orc wizard (D:3)
  3 plants (D:9)
5 creatures vanquished.

Grand Total: 312 creatures vanquished

Notes
Turn   | Place    | Note
-------+----------+-------------------------------------------
     0 | Abyss:1  | MalarOregon the Merfolk Abyssal Knight began the quest for
                  | the Orb.
     0 | Abyss:1  | Reached XP level 1. HP: 18/18 MP: 2/2
    48 | Abyss:1  | Found a corrupted altar of Lugonu.
    56 | D:1      | Escaped the Abyss
   794 | D:1      | Reached skill level 1 in Armour
   794 | D:1      | Reached XP level 2. HP: 15/24 MP: 3/3
  1148 | D:1      | Reached XP level 3. HP: 24/29 MP: 4/4
  1379 | D:1      | Reached ** piety under Lugonu
  1615 | D:1      | You fall through a shaft!
  2463 | D:2      | Reached XP level 4. HP: 32/37 MP: 5/5
  2709 | D:3      | Reached skill level 4 in Polearms
  3053 | D:3      | Reached XP level 5. HP: 38/42 MP: 7/7
  3069 | D:3      | Reached *** piety under Lugonu
  3948 | D:3      | Reached XP level 6. HP: 18/49 MP: 8/8
  4957 | D:3      | Reached skill level 5 in Polearms
  5403 | D:4      | Found a bloodstained altar of Trog.
  5404 | D:4      | Found an iron altar of Okawaru.
  5671 | D:5      | Entered Level 5 of the Dungeon
  5823 | D:5      | Reached XP level 7. HP: 28/55 MP: 9/9
  6052 | D:5      | Reached skill level 5 in Dodging
  6180 | D:5      | Reached skill level 5 in Fighting
  6824 | D:5      | Reached **** piety under Lugonu
  6869 | D:5      | Found a runed translucent door.
  6869 | D:5      | Noticed a human
  6871 | D:5      | Found a basalt altar of Yredelemnul.
  6941 | D:5      | Killed a human
  6941 | D:5      | Reached skill level 6 in Polearms
  7326 | D:6      | HP: 1/56 [ice beast (6)]
  7383 | D:5      | Reached XP level 8. HP: 11/63 MP: 11/11
  7771 | D:6      | Reached skill level 5 in Invocations
  8081 | D:6      | Reached skill level 7 in Polearms
  8174 | D:6      | Found a staircase to the Ecumenical Temple.
  8387 | Temple   | Entered the Ecumenical Temple
  8914 | D:7      | Reached XP level 9. HP: 12/71 MP: 10/13
  9313 | D:7      | Noticed Menkaure
  9333 | D:7      | Killed Menkaure
  9579 | D:7      | Reached skill level 8 in Polearms
 10973 | D:8      | Found an ornate altar of the Wu Jian Council.
 10973 | D:8      | Found a shimmering altar of Xom.
 10973 | D:8      | Found a glowing silver altar of Zin.
 10974 | D:8      | Found a radiant altar of Vehumet.
 10974 | D:8      | Found a blossoming altar of Fedhas.
 10981 | D:8      | Found a stormy altar of Qazlal.
 10981 | D:8      | Found a burning altar of Makhleb.
 11667 | D:8      | Reached skill level 9 in Polearms
 12072 | D:9      | Found a staircase to the Lair.
 12073 | D:9      | Noticed a komodo dragon
 12192 | D:9      | Reached XP level 10. HP: 43/79 MP: 15/15
 13014 | D:8      | Found a stormy altar of Qazlal.
 13014 | D:8      | Found a blossoming altar of Fedhas.
 13016 | D:8      | Found a burning altar of Makhleb.
 13024 | D:8      | Found a glowing silver altar of Zin.
 13025 | D:8      | Found a radiant altar of Vehumet.
 13025 | D:8      | Found a shimmering altar of Xom.
 13026 | D:8      | Found an ornate altar of the Wu Jian Council.
 14019 | D:10     | Entered Level 10 of the Dungeon
 14731 | D:10     | Reached skill level 5 in Armour
 14969 | D:10     | Reached skill level 10 in Polearms
 15313 | D:10     | Found a runed translucent door.
 15567 | D:10     | Killed an unseen horror
 15583 | D:10     | Reached ***** piety under Lugonu
 15987 | D:10     | Killed an unseen horror
 15989 | D:10     | Reached XP level 11. HP: 87/87 MP: 17/17
 15995 | D:10     | Reached skill level 10 in Dodging
 16626 | D:11     | Noticed a cyclops
 16634 | D:11     | Killed a cyclops
 16634 | D:11     | Reached skill level 11 in Polearms
 16951 | D:11     | Found a sacrificial altar of Ru.
 16968 | D:11     | Noticed a manticore
 16979 | D:11     | Killed a manticore
 17234 | D:11     | Noticed a cyclops
 17361 | D:10     | Killed a cyclops
 17951 | D:12     | Noticed a cyclops
 17964 | D:11     | Killed a cyclops
 18823 | D:12     | Noticed a deep elf mage
 19245 | D:12     | Killed a deep elf mage
 19414 | D:12     | Found a staircase to the Orcish Mines.
 20337 | D:12     | Got a heavy robe
 20407 | D:12     | Reached skill level 12 in Polearms
 20604 | D:13     | Noticed Nessos
 20610 | D:13     | Banished Nessos
 20610 | D:13     | Reached skill level 10 in Fighting
 20610 | D:13     | Reached XP level 12. HP: 20/97 MP: 19/19
 20629 | D:13     | Noticed a centaur warrior
 21013 | D:13     | Found Daegegar's Antique Weapon Shop.
 21087 | D:13     | Noticed a centaur warrior
 21105 | D:13     | Shot with an arrow by a centaur warrior

Skill      XL: |  1  2  3  4  5  6  7  8  9 10 11 |
---------------+----------------------------------+-----
Armour         | 1 2 3 4 5 6 |  6.5
Dodging        | 3 4 5 7 8 9 11 | 11.2
Polearms       | 4 5 6 7 9 10 12 | 12.1
Fighting       | 4 5 6 7 8 10 | 10.0
Invocations    | 3 4 5 7 8 9 |  9.5

Action                   |  1- 3 |  4- 6 |  7- 9 | 10-12 || total
-------------------------+-------+-------+-------+-------++-------
Melee: Spear             |   163 |    23 |    97 |       ||   283
       Trident           |       |   301 |    68 |       ||   369
       Halberd           |       |       |   333 |   603 ||   936
Invok: Bend Space        |       |       |     1 |       ||     1
       Banish            |       |       |     1 |     2 ||     3
Evoke: Wand              |       |       |    19 |    20 ||    39
  Use: Scroll            |       |     7 |     3 |    12 ||    22
       Potion            |       |       |     5 |       ||     5
 Stab: Paralysed         |       |       |     6 |     5 ||    11
       Confused          |       |       |       |     2 ||     2
  Eat: Chunk             |     5 |    10 |    15 |    28 ||    58
       Ration            |       |       |     3 |     4 ||     7
Armor: Leather armour    |    18 |       |       |       ||    18
       Scale mail        |    14 |   118 |   182 |   238 ||   552
Dodge: Dodged            |    81 |   151 |   274 |   463 ||   969
